cohdb
Replays
Latest Replays
All Replays
Popular Replays
Top Player Replays
Match Explorer
How It Works
Community
CoH3 Stats
Reddit
Sign in to upload your games and track your stats! →
Sign in with Steam
Match 45654319
Unlisted
Match 45654319
Overview
Messages
Build Orders
End
Scout Squad
Construct Barracks
Selects Advanced Infantry Battlegroup
Riflemen Squad
Riflemen Squad
Riflemen Squad
Construct Medical Station
Air Support Center
Selects Convert to Ranger Squad
Selects Frontline Medical Station
P-47 Strafing Run
Grasshopper Recon Run
M1 Mortar Team
Construct Motor Pool
P-47 Strafing Run
Grenade Package
Riflemen Squad
Grasshopper Recon Run
M1918 Browning Automatic Rifles
M24 Chaffee Light Tank
Riflemen Squad
yapster
HIMYNAMEISHO
Squigergy
风铃
FLOKL
JBQuib
0
0
Comments
sign in to comment!
No comments posted yet!